AoeStats
← Blazing Cartesia, The Virtuous

Arabia

503646191Analyzed
1v1 RM · 1mo ago on Sep 1, 2026· 78m 1s· 2 players
Game mode
Random Map
Map size
Tiny (2 player)
Population
200
Speed
Normal
Resources
Standard
Victory
Conquest
Starting age
Dark Age
Ending age
Imperial Age
RankedLock teamsTeams togetherTeam positionsShared explorationLock speedFull tech treeHidden civsTurbo modeCheats
Victory
Defeat
🇪🇸 Bohemians · Spain
1186
+17
1199
-17
whololo
8:29 Loom
10:40 Feudal Age
19:00 Castle Age
19:45 Fletching
22:00 Fervor
37:24 Redemption
43:44 Bodkin Arrow
46:01 Chemistry
44:42 Pikeman
46:35 Double-Bit Axe
47:34 Horse Collar
49:24 Town Watch
50:15 Wheelbarrow
52:19 Imperial Age
52:48 Husbandry
53:34 Cavalier
54:40 Heavy Plow
54:47 Treadmill Crane
55:32 Scale Barding Armor
55:38 Forging
55:58 Halberdier
58:35 Chain Barding Armor
58:51 Iron Casting
58:37 Hand Cart
61:56 Light Cavalry
71:51 Blast Furnace
Blazing Cartesia, The Virtuous
6:34 Loom
9:22 Feudal Age
9:58 Double-Bit Axe
11:13 Fletching
20:26 Castle Age
18:53 Horse Collar
20:56 Bloodlines
31:27 Gold Mining
38:38 Gold Shaft Mining
42:35 Imperial Age
45:52 Bow Saw
46:42 Artillery
47:11 Forging
56:31 Bombard Tower
56:42 Heavy Camel Rider
59:50 Scale Barding Armor
65:50 Heavy Plow
Connection lost

Rejoining the realm…

Still unreachable

The connection could not be restored.

Session expired

The server has moved on; the page needs a fresh start.